 Dungeon Crawl Stone Soup version 0.31-a0-256-g80acddb972 (webtiles) character file.

Game seed: 5426123037532999973

49 Morbidden the Changeling (level 3, -1/22 HPs)
             Began as a Gargoyle Shapeshifter on July 13, 2023.
             Slain by an orc
             ... wielding a +0 club
              (2 damage)
             ... on level 3 of the Dungeon.
             The game lasted 00:01:42 (1022 turns).

Morbidden the Changeling (Gargoyle Shapeshifter)    Turns: 1022, Time: 00:01:43

Health: -1/22      AC:  5    Str: 24    XL:     3   Next: 75%
Magic:  3/3        EV: 12    Int: 11    God:
Gold:   13         SH:  0    Dex: 10    Spells: 2/2 levels left

rFire   . . .        a - +9 dagger of Accord {heavy, Str+4 Int+3}
rCold   . . .        (no shield)
rNeg    + . .        h - +0 animal skin
rPois   ∞            (helmet currently unavailable)
rElec   +            (cloak currently unavailable)
rCorr   .            (gloves currently unavailable)
SInv    .            (boots currently unavailable)
Will    .....        (no amulet)
Stlth   +            (no ring)
HPRegen 0.23/turn    (no ring)
MPRegen 0.08/turn

%: no passive effects
@: beast-form
A: beast (slay +2), sickness immunity, AC +3, negative energy resistance 1,
electricity resistance, torment resistance 1, petrification resistance
a: no special abilities


You were on level 3 of the Dungeon.
You were a hulking beast.
You visited 1 branch of the dungeon, and saw 3 of its levels.

You collected 13 gold pieces.

Inventory:

Hand Weapons
 a - the +9 dagger of Accord (weapon) {heavy, Str+4 Int+3}
   (You found it on level 2 of the Dungeon)

   Str:       It affects your strength (+4).
   Int:       It affects your intelligence (+3).
Armour
 g - a +0 cloak
 h - a +0 animal skin (worn)
Talismans
 c - a beast talisman
 i - a blade talisman
Scrolls
 e - a scroll of revelation {unknown}
 f - a scroll of poison {unknown}
Potions
 b - a potion of lignification
 d - a potion of ambrosia {unknown}


   Skills:
 * Level 2.3 Fighting
 * Level 0.6 Armour
 * Level 1.7 Dodging
 + Level 0.3 Stealth
 * Level 2.4 Unarmed Combat
 * Level 3.0 Shapeshifting


You had 2 spell levels left.
You didn't know any spells.
Your spell library contained the following spells:

 Spells                   Type           Power      Damage    Failure   Level
 Call Canine Familiar     Summ           0%         N/A       71%         3
 Portal Projectile        Hex/Tloc       0%         N/A       71%         3
 Leda's Liquefaction      Hex/Erth       0%         N/A       98%         4


Dungeon Overview and Level Annotations

Branches:
Dungeon (3/15)

Altars:


Innate Abilities, Weirdness & Mutations

You are a hulking beast.
Your limbs bulge with bestial killing power. (Slay +2)
You are immune to sickness and miasma.
Your stone body is resilient. (AC +3)
You are immune to poison.
You resist negative energy. (rN+)
You are resistant to electric shocks. (rElec)
You are resistant to unholy torment.
You are immune to petrification.


Message History

Unknown command.
You are too injured to fight recklessly!
Unknown command.
The gnoll attacks as you move away! The gnoll hits you with a +0 flail.
* * * LOW HITPOINT WARNING * * *
The gnoll attacks as you move away! The gnoll barely misses you.
Unknown command.
There is an escape hatch in the floor here.
The gnoll barely misses you.
The gnoll hits you from afar with a +0 spear.
* * * LOW HITPOINT WARNING * * *
You slide downwards.
The hatch slams shut behind you.
The orc shouts!
The hobgoblin shouts!
Unknown command.
Unknown command.
You hit the gnoll.
The gnoll is heavily wounded.
The gnoll barely misses you.
A frilled lizard comes into view.
The gnoll barely misses you.
Unknown command.
Unknown command.
You closely miss the gnoll.
The gnoll is heavily wounded.
A rat comes into view.
The gnoll closely misses you.
Unknown command.
Unknown command.
You hit the gnoll but do no damage.
The gnoll is heavily wounded.
The gnoll hits you with a +0 flail.
* * * LOW HITPOINT WARNING * * *
The gnoll closely misses you.
Unknown command.
Unknown command.
Okay, then.
You puncture the gnoll!
You kill the gnoll!
The orc hits you with a +0 club.
You die...

###########
#..........
#..........
#..........
#..........
#..ho......
#...g......
#..........
#.....l....
#..r.......
#..........
#..........
#..........


You could see an orc, a hobgoblin, a frilled lizard and a rat.

Vanquished Creatures
  A gnoll (D:3)
  An adder (D:2)
  3 dart slugs
  3 ball pythons
  An endoplasm (D:1)
  3 giant cockroaches
  3 goblins (D:1)
  4 hobgoblins
  A quokka (D:1)
  6 bats
  A frilled lizard (D:2)
  4 kobolds (D:1)
  3 rats (D:1)
34 creatures vanquished.

Notes
Turn   | Place    | Note
-------+----------+-------------------------------------------
     0 | D:1      | Morbidden the Gargoyle Shapeshifter began the quest for the
                  | Orb.
     0 | D:1      | Reached XP level 1. HP: 12/12 MP: 1/1
    69 | D:1      | Reached XP level 2. HP: 16/17 MP: 2/2
   588 | D:1      | Reached XP level 3. HP: 20/21 MP: 3/3
   607 | D:1      | Reached skill level 3 in Shapeshifting
   918 | D:2      | Identified the +9 dagger of Accord {heavy, Str+4 Int+3}
  1021 | D:3      | HP: 1/22 [gnoll/+0 flail (6)]
  1022 | D:3      | Slain by an orc

Illustrated notes

Levels and vault maps discovered:
D:1:      lightli_arrival_chessboard, layout_basic
D:2:      layout_loops_corners, shapermc_ecumenical_altar_ellora
D:3:      layout_basic, minitemple, serial_glass, glass_columns_a,
          glass_columns_c, serial_shops, shop

Skill      XL: |  1  2  3 |
---------------+----------+-----
Shapeshifting  | 3 |  3.0
Fighting       | |  2.3
Armour         | |  0.6
Dodging        | |  1.7
Stealth        | |  0.3
Unarmed Combat | |  2.4

Action                     || total
---------------------------++-------
  Melee: Unarmed           ||   107
         Punch             ||     2
         Dagger            ||     9
   Stab: Sleeping          ||     1
 Armour: Animal skin       ||    39
  Dodge: Dodged            ||    90

Table legend: (Time is in decaauts)
 A = Elapsed time spent in this place.
 B = Non-inter-level travel time spent in this place.
 C = Inter-level travel time spent in this place.
 D = Time resting spent in this place.
 E = Time spent auto-exploring this place.
 F = Levels seen in this place.
 G = Mean time per level.
                   A        B        C        D        E       F      G
               +--------+--------+--------+--------+--------+-----+--------+
         Total |   1020 |    937 |     83 |      0 |    660 |   3 |  340.0 |
       Dungeon |   1020 |    937 |     83 |      0 |    660 |   3 |  340.0 |
               +--------+--------+--------+--------+--------+-----+--------+

Top non-repeatable levels by time:
     D:1: 731 daAuts
     D:2: 283 daAuts
     D:3: 5 daAuts
